Pittsburgh Penguins vs San Jose Sharks
Created - Friday, April 12, 2024 at 06:56
Goals
|
| Pittsburgh Penguins |
0 |
1 |
1 |
0 |
2 |
| San Jose Sharks |
0 |
2 |
0 |
1 |
3 |
|
Shots
|
| Pittsburgh Penguins |
7 |
10 |
10 |
1 |
28 |
| San Jose Sharks |
5 |
20 |
9 |
1 |
35 |
|
1st period
No Goal
Penalties :
William Karlsson (SJS) for Hooking (Minor) at 7:20, Phillip Danault (PIT) for Holding (Minor) at 14:50
2nd period
1. San Jose Sharks , Christian Dvorak 13 (Ivan Barbashev 25, Dylan Strome 26) at 1:01
2. San Jose Sharks , Adam Henrique 20 (Andreas Athanasiou 11) at 2:37
3. Pittsburgh Penguins , Erik Gudbranson 2 (Phillip Danault 13, Anders Lee 27) at 15:27
Penalties :
Leon Draisaitl (PIT) for Goalie Interference (Minor) at 7:24, Anders Lee (PIT) for Hooking (Minor) at 10:23, Erik Gudbranson (PIT) for Interference (Minor) at 12:50, Erik Karlsson (PIT) for Holding (Minor) at 17:26
3rd period
4. Pittsburgh Penguins , Phillip Danault 11 (Erik Karlsson 19) at 0:26
Penalties :
Ryan Hartman (SJS) for Boarding (Minor) at 1:50, Tom Wilson (PIT) for Hooking (Minor) at 13:11
Overtime #1
5. San Jose Sharks , William Karlsson 15 (Adam Henrique 28) at 0:27
Penalties :
No Penalty
Goalie Stats
Akira Schmid (PIT), 32 saves from 35 shots - (0.914), OTL, 8-3-3, 60:27 minutes
Ilya Samsonov (SJS), 26 saves from 28 shots - (0.929), W, 21-13-5, 60:27 minutes
Players Stats for Pittsburgh Penguins
Player Name G A P +/- PIM S H SB GA TA FO MP PP MP PK MP
------------------------------------------------------------------------------------
Anders Lee 0 1 1 1 2 2 1 0 1 0 0/1 17:15 1:25 1:32
Brian Dumoulin 0 0 0 1 0 0 0 3 0 0 0/0 22:45 2:25 5:54
Colton Sissons 0 0 0 0 0 0 2 0 0 1 2/2 5:13 0:00 0:00
Erik Gudbranson 1 0 1 0 2 1 1 3 0 1 0/0 16:16 0:00 1:05
Erik Karlsson 0 1 1 -1 2 2 1 3 0 0 0/0 21:36 1:33 4:33
Gabriel Vilardi 0 0 0 0 0 1 1 0 0 0 0/0 5:49 0:00 0:00
J.J. Moser 0 0 0 -1 0 0 0 2 0 0 0/0 16:10 0:00 1:31
Jean-Gabriel Pageau 0 0 0 0 0 1 0 0 0 0 10/19 16:01 1:25 0:57
Jordan Eberle 0 0 0 -1 0 1 1 0 0 0 0/0 14:00 0:00 0:00
Leon Draisaitl 0 0 0 0 2 1 1 0 1 0 5/10 19:44 2:33 3:54
Mattias Ekholm 0 0 0 -1 0 1 1 1 0 1 0/0 22:43 1:33 5:42
Mitchell Marner 0 0 0 0 0 1 1 0 0 0 0/0 20:55 2:33 4:59
Pavel Buchnevich 0 0 0 -1 0 2 3 0 0 0 0/0 20:51 2:33 4:57
Phillip Danault 1 1 2 0 2 3 1 0 0 0 8/11 12:47 0:00 1:03
Ryan Johansen 0 0 0 -1 0 1 3 0 1 0 0/0 11:03 0:00 0:00
Ryan Suter 0 0 0 1 0 2 2 3 0 1 0/0 22:55 2:25 5:54
Sam Reinhart 0 0 0 -1 0 9 0 0 1 0 2/7 20:33 1:25 5:35
Tom Wilson 0 0 0 0 2 0 1 0 0 0 0/0 3:12 0:00 0:00
Players Stats for San Jose Sharks
Player Name G A P +/- PIM S H SB GA TA FO MP PP MP PK MP
------------------------------------------------------------------------------------
Adam Henrique 1 1 2 2 0 5 1 0 0 0 7/16 18:13 5:43 1:58
Andreas Athanasiou 0 1 1 1 0 4 1 0 1 0 0/0 10:23 0:00 0:00
Christian Dvorak 1 0 1 1 0 3 0 0 0 0 3/6 15:00 0:19 0:28
Christopher Tanev 0 0 0 1 0 1 1 0 0 2 0/0 21:29 5:57 1:44
Derek Forbort 0 0 0 1 0 1 1 2 0 0 0/0 27:36 5:57 2:14
Dmitry Orlov 0 0 0 1 0 1 1 3 0 0 0/0 27:53 5:57 2:14
Dylan Strome 0 1 1 1 0 2 0 0 0 0 2/2 18:34 5:23 0:00
Ilya Mikheyev 0 0 0 -1 0 1 0 0 0 0 0/0 9:21 0:56 0:07
Ivan Barbashev 0 1 1 1 0 3 2 0 2 0 0/0 18:18 5:23 0:00
Kailer Yamamoto 0 0 0 1 0 1 1 0 1 0 0/1 11:55 1:15 0:00
Rickard Rakell 0 0 0 -1 0 3 1 0 0 0 1/1 19:08 5:19 1:45
Ryan Hartman 0 0 0 -1 2 2 1 0 0 0 1/2 9:57 0:11 0:45
Simon Benoit 0 0 0 -1 0 0 4 2 0 0 0/0 11:05 0:00 0:00
Simon Nemec 0 0 0 -1 0 1 0 0 0 0 0/0 11:05 0:00 0:00
Valeri Nichushkin 0 0 0 -1 0 1 2 0 0 1 0/3 19:39 5:21 1:53
Victor Olofsson 0 0 0 -1 0 2 0 0 0 0 0/0 8:47 0:18 0:00
William Karlsson 1 0 1 0 2 2 1 1 0 1 9/19 17:56 5:34 1:00
Zachary Werenski 0 0 0 1 0 2 0 0 0 0 0/0 21:29 5:57 1:44
3 Stars
1 - Adam Henrique (SJS)
2 - Christian Dvorak (SJS)
3 - Phillip Danault (PIT)
Power Play
Pittsburgh Penguins - 0 on 2 Attempt(s) - 0.00%
San Jose Sharks - 0 on 6 Attempt(s) - 0.00%
Penalty Kill
Pittsburgh Penguins - 6 on 6 Attempt(s) - 100.00%
- Score 0 goal in Penalty Kill
San Jose Sharks - 2 on 2 Attempt(s) - 100.00%
- Score 0 goal in Penalty Kill
Team Stat
Pittsburgh Penguins - Hits : 20 - Faceoff Wins : 27 - Blocked Shots : 15 - Penalty Minutes : 12
San Jose Sharks - Hits : 17 - Faceoff Wins : 23 - Blocked Shots : 8 - Penalty Minutes : 4
Official
Referees : Brad Meier and Mark Lemelin
Linesman : Greg Devorski and Jonny Murray
Game Notes
No Game Note
Finance
Level 1 -- Attendance: 4409 (73.48%) -- Ticket Income $427,673
Level 2 -- Attendance: 3861 (77.22%) -- Ticket Income $220,077
Level 3 -- Attendance: 2896 (96.53%) -- Ticket Income $95,568
Level 4 -- Attendance: 5000 (100.00%) -- Ticket Income $110,000
Luxury Box -- Attendance: 943 (94.30%) -- Ticket Income $181,999
Game was played at the SAP Center at San Jose.
Total Attendance: 17109 (85.55%)
Total Ticket Income: $1,035,317
Other Income: $362,361
Total Income: $1,397,678
Pittsburgh Penguins
5 vs 5 Forward
Center Left Wing Right Wing Time % Phy DF OF
1 Leon Draisaitl Pavel Buchnevich Mitchell Marner 30 1 2 2
2 Jean-Gabriel Pageau Anders Lee Sam Reinhart 30 1 2 2
3 Phillip Danault Jordan Eberle Ryan Johansen 25 1 2 2
4 Colton Sissons Gabriel Vilardi Jordan Eberle 15 1 2 2
5 vs 5 Defense
Defense Defense Time % Phy DF OF
1 Erik Karlsson Mattias Ekholm 35 1 2 2
2 Ryan Suter Brian Dumoulin 35 1 2 2
3 Erik Gudbranson J.J. Moser 30 1 2 2
4 Erik Karlsson Mattias Ekholm 0 1 2 2
PowerPlay Forward
Center Left Wing Right Wing Time % Phy DF OF
1 Leon Draisaitl Pavel Buchnevich Mitchell Marner 50 1 2 2
2 Jean-Gabriel Pageau Anders Lee Sam Reinhart 50 1 2 2
PowerPlay Defense
Defense Defense Time % Phy DF OF
1 Erik Karlsson Mattias Ekholm 50 1 2 2
2 Ryan Suter Brian Dumoulin 50 1 2 2
Penalty Kill 4 Players Forward
Center Wing Time % Phy DF OF
1 Leon Draisaitl Mitchell Marner 50 1 2 2
2 Sam Reinhart Pavel Buchnevich 50 1 2 2
Penalty Kill 4 Players Defense
Defense Defense Time % Phy DF OF
1 Erik Karlsson Mattias Ekholm 50 1 2 2
2 Ryan Suter Brian Dumoulin 50 1 2 2
Penalty Kill - 3 Players Forward
Forward Time % Phy DF OF
1 Leon Draisaitl 50 1 2 2
2 Mitchell Marner 50 1 2 2
Penalty Kill - 3 Players Defense
Defense Defense Time % Phy DF OF
1 Erik Karlsson Mattias Ekholm 50 1 2 2
2 Ryan Suter Brian Dumoulin 50 1 2 2
4 vs 4 Forward
Center Wing Time % Phy DF OF
1 Leon Draisaitl Mitchell Marner 50 1 2 2
2 Sam Reinhart Pavel Buchnevich 50 1 2 2
4 vs 4 Defense
Defense Defense Time % Phy DF OF
1 Erik Karlsson Mattias Ekholm 50 1 2 2
2 Ryan Suter Brian Dumoulin 50 1 2 2
Last Minutes Offensive
Center Left Wing Right Wing Defense Defense
Leon Draisaitl Pavel Buchnevich Mitchell Marner Erik Karlsson Mattias Ekholm
Last Minutes Defensive
Center Left Wing Right Wing Defense Defense
Leon Draisaitl Pavel Buchnevich Mitchell Marner Erik Karlsson Mattias Ekholm
Goaltenders
Starting : Akira Schmid
Backup : Marc-Andre Fleury
Extra Forwards
Normal : Tom Wilson, Gabriel Vilardi, Phillip Danault - PP : Tom Wilson, Gabriel Vilardi - PK : Phillip Danault
Extra Defensemen
Normal : Erik Gudbranson, J.J. Moser, Ryan Suter - PP : Erik Gudbranson - PK : J.J. Moser, Ryan Suter
Penalty Shots
Leon Draisaitl, Mitchell Marner, Sam Reinhart, Pavel Buchnevich, Jean-Gabriel Pageau
San Jose Sharks
5 vs 5 Forward
Center Left Wing Right Wing Time % Phy DF OF
1 William Karlsson Valeri Nichushkin Rickard Rakell 30 1 2 2
2 Christian Dvorak Dylan Strome Ivan Barbashev 30 1 2 2
3 Adam Henrique Andreas Athanasiou Kailer Yamamoto 25 1 2 2
4 Ryan Hartman Victor Olofsson Ilya Mikheyev 15 1 2 2
5 vs 5 Defense
Defense Defense Time % Phy DF OF
1 Dmitry Orlov Derek Forbort 30 1 2 2
2 Zachary Werenski Christopher Tanev 30 1 2 2
3 Simon Benoit Simon Nemec 25 1 2 2
4 Dmitry Orlov Derek Forbort 15 1 2 2
PowerPlay Forward
Center Left Wing Right Wing Time % Phy DF OF
1 Adam Henrique Valeri Nichushkin Rickard Rakell 50 1 2 2
2 William Karlsson Dylan Strome Ivan Barbashev 50 1 2 2
PowerPlay Defense
Defense Defense Time % Phy DF OF
1 Dmitry Orlov Derek Forbort 50 1 2 2
2 Zachary Werenski Christopher Tanev 50 1 2 2
Penalty Kill 4 Players Forward
Center Wing Time % Phy DF OF
1 Valeri Nichushkin Rickard Rakell 50 1 2 2
2 Adam Henrique William Karlsson 50 1 2 2
Penalty Kill 4 Players Defense
Defense Defense Time % Phy DF OF
1 Dmitry Orlov Derek Forbort 50 1 2 2
2 Zachary Werenski Christopher Tanev 50 1 2 2
Penalty Kill - 3 Players Forward
Forward Time % Phy DF OF
1 Valeri Nichushkin 50 1 2 2
2 Rickard Rakell 50 1 2 2
Penalty Kill - 3 Players Defense
Defense Defense Time % Phy DF OF
1 Dmitry Orlov Derek Forbort 50 1 2 2
2 Zachary Werenski Christopher Tanev 50 1 2 2
4 vs 4 Forward
Center Wing Time % Phy DF OF
1 Valeri Nichushkin Rickard Rakell 50 1 2 2
2 Adam Henrique William Karlsson 50 1 2 2
4 vs 4 Defense
Defense Defense Time % Phy DF OF
1 Dmitry Orlov Derek Forbort 50 1 2 2
2 Zachary Werenski Christopher Tanev 50 1 2 2
Last Minutes Offensive
Center Left Wing Right Wing Defense Defense
Adam Henrique Valeri Nichushkin Rickard Rakell Dmitry Orlov Derek Forbort
Last Minutes Defensive
Center Left Wing Right Wing Defense Defense
Adam Henrique Valeri Nichushkin Rickard Rakell Dmitry Orlov Derek Forbort
Goaltenders
Starting : Ilya Samsonov
Backup : Logan Thompson
Extra Forwards
Normal : Kailer Yamamoto, Christian Dvorak, Ryan Hartman - PP : Kailer Yamamoto, Christian Dvorak - PK : Ryan Hartman
Extra Defensemen
Normal : Simon Benoit, Simon Nemec, Zachary Werenski - PP : Simon Benoit - PK : Simon Nemec, Zachary Werenski
Penalty Shots
Valeri Nichushkin, Rickard Rakell, Adam Henrique, William Karlsson, Dylan Strome
% Time on Ice - Pittsburgh Penguins
Lines # - Real PCT - Wanted PCT - Time Play
Normal Forward
1 - 31% - 30% - 13:33
2 - 32% - 30% - 14:19
3 - 25% - 25% - 11:03
4 - 12% - 15% - 5:13
Normal Defense
1 - 34% - 35% - 15:01
2 - 33% - 35% - 14:31
3 - 33% - 30% - 14:36
4 - 0% - 0% - 0:00
PP Forward
1 - 64% - 50% - 2:33
2 - 36% - 50% - 1:25
PP Defense
1 - 39% - 50% - 1:33
2 - 61% - 50% - 2:25
PK Forward
1 - 51% - 50% - 6:07
2 - 49% - 50% - 5:47
PK Defense
1 - 50% - 50% - 6:00
2 - 50% - 50% - 5:54
PK3 Forward
1 - 0% - 50%
2 - 0% - 50%
PK3 Defense
1 - 0% - 50%
2 - 0% - 50%
44 Forward
1 - 78% - 50% - 0:21
2 - 22% - 50% - 0:06
44 Defense
1 - 100% - 50% - 0:27
2 - 0% - 50% - 0:00
Last Minute Offensive - 0:00
Last Minute Defensive - 0:00
Total
Forward - 60:27
Defense - 60:27
|
% Time on Ice - San Jose Sharks
Lines # - Real PCT - Wanted PCT - Time Play
Normal Forward
1 - 27% - 30% - 11:59
2 - 31% - 30% - 13:32
3 - 24% - 25% - 10:23
4 - 19% - 15% - 8:14
Normal Defense
1 - 33% - 30% - 14:29
2 - 31% - 30% - 13:45
3 - 25% - 25% - 11:05
4 - 11% - 15% - 4:49
PP Forward
1 - 52% - 50% - 6:10
2 - 48% - 50% - 5:44
PP Defense
1 - 50% - 50% - 5:57
2 - 50% - 50% - 5:57
PK Forward
1 - 44% - 50% - 1:45
2 - 56% - 50% - 2:13
PK Defense
1 - 56% - 50% - 2:14
2 - 44% - 50% - 1:44
PK3 Forward
1 - 0% - 50%
2 - 0% - 50%
PK3 Defense
1 - 0% - 50%
2 - 0% - 50%
44 Forward
1 - 74% - 50% - 0:20
2 - 26% - 50% - 0:07
44 Defense
1 - 89% - 50% - 0:24
2 - 11% - 50% - 0:03
Last Minute Offensive - 0:00
Last Minute Defensive - 0:00
Total
Forward - 60:27
Defense - 60:27
|
Play-by-Play
1st period
0:01 of 1st period - Leon Draisaitl wins face-off versus William Karlsson in neutral zone.
0:29 of 1st period - Snap shot by Sam Reinhart.
0:29 of 1st period - Stopped by Ilya Samsonov with a rebound.
1:16 of 1st period - Snap shot by Victor Olofsson.
1:16 of 1st period - Stopped by Akira Schmid without a rebound.
1:17 of 1st period - Christian Dvorak wins face-off versus Jean-Gabriel Pageau in Pittsburgh Penguins zone.
1:30 of 1st period - Backhand shot by Ivan Barbashev.
1:30 of 1st period - Stopped by Akira Schmid without a rebound.
1:31 of 1st period - Colton Sissons wins face-off versus William Karlsson in Pittsburgh Penguins zone.
1:31 of 1st period - Colton Sissons is hit by Simon Benoit.
1:57 of 1st period - Kailer Yamamoto is hit by Pavel Buchnevich and loses puck.
2:06 of 1st period - Wrist shot by Adam Henrique.
2:06 of 1st period - Shot Misses the Net.
2:24 of 1st period - Jean-Gabriel Pageau is hit by Ivan Barbashev and loses puck.
3:04 of 1st period - Snap shot by Leon Draisaitl.
3:04 of 1st period - Stopped by Ilya Samsonov without a rebound.
3:05 of 1st period - Leon Draisaitl wins face-off versus William Karlsson in San Jose Sharks zone.
3:34 of 1st period - Ryan Suter is hit by Kailer Yamamoto and loses puck.
4:03 of 1st period - Snap shot by Christian Dvorak.
4:03 of 1st period - Shot Blocked by Erik Gudbranson.
4:39 of 1st period - Sam Reinhart is hit by Simon Benoit and loses puck.
4:58 of 1st period - Christopher Tanev is hit by Phillip Danault and loses puck.
5:39 of 1st period - Zachary Werenski is hit by Leon Draisaitl and loses puck.
5:58 of 1st period - Wrist shot by Sam Reinhart.
5:58 of 1st period - Stopped by Ilya Samsonov without a rebound.
5:59 of 1st period - Jean-Gabriel Pageau wins face-off versus William Karlsson in San Jose Sharks zone.
6:04 of 1st period - Wrist shot by Sam Reinhart.
6:04 of 1st period - Stopped by Ilya Samsonov without a rebound.
6:05 of 1st period - Jean-Gabriel Pageau wins face-off versus Christian Dvorak in San Jose Sharks zone.
6:40 of 1st period - Wrist shot by Adam Henrique.
6:40 of 1st period - Stopped by Akira Schmid with a rebound.
6:42 of 1st period - Snap shot by Derek Forbort.
6:42 of 1st period - Shot Blocked by Brian Dumoulin.
7:08 of 1st period - Pavel Buchnevich is hit by Simon Benoit and loses puck.
7:20 of 1st period - Minor Penalty to William Karlsson for Hooking.
7:21 of 1st period - Adam Henrique wins face-off versus Jean-Gabriel Pageau in San Jose Sharks zone.
7:30 of 1st period - Wrist shot by Anders Lee.
7:30 of 1st period - Shot Blocked by Derek Forbort.
7:32 of 1st period - Snap shot by Sam Reinhart.
7:32 of 1st period - Stopped by Ilya Samsonov without a rebound.
7:33 of 1st period - Adam Henrique wins face-off versus Leon Draisaitl in San Jose Sharks zone.
7:42 of 1st period - Valeri Nichushkin is hit by Mitchell Marner and loses puck.
9:20 of 1st period - Penalty to William Karlsson is over, William Karlsson is back on ice.
9:41 of 1st period - Simon Benoit is hit by Erik Karlsson and loses puck.
10:23 of 1st period - Off-side.
10:24 of 1st period - Adam Henrique wins face-off versus Leon Draisaitl in neutral zone.
10:35 of 1st period - Wrist shot by Adam Henrique.
10:35 of 1st period - Stopped by Akira Schmid with a rebound.
12:04 of 1st period - Slapshot by Mitchell Marner.
12:04 of 1st period - Shot Misses the Net.
12:35 of 1st period - Snap shot by Pavel Buchnevich.
12:35 of 1st period - Stopped by Ilya Samsonov with a rebound.
14:06 of 1st period - Slapshot by Mitchell Marner.
14:06 of 1st period - Shot Misses the Net.
14:14 of 1st period - Wrist shot by Mitchell Marner.
14:14 of 1st period - Stopped by Ilya Samsonov without a rebound.
14:15 of 1st period - Jean-Gabriel Pageau wins face-off versus William Karlsson in San Jose Sharks zone.
14:22 of 1st period - Wrist shot by Sam Reinhart.
14:22 of 1st period - Deflect By Jean-Gabriel Pageau.
14:22 of 1st period - Shot Misses the Net.
14:22 of 1st period - Puck is out of play.
14:23 of 1st period - William Karlsson wins face-off versus Jean-Gabriel Pageau in San Jose Sharks zone.
14:41 of 1st period - Off-side.
14:42 of 1st period - Phillip Danault wins face-off versus Adam Henrique in neutral zone.
14:50 of 1st period - Minor Penalty to Phillip Danault for Holding.
14:51 of 1st period - Adam Henrique wins face-off versus Anders Lee in Pittsburgh Penguins zone.
15:01 of 1st period - Slapshot by Rickard Rakell.
15:01 of 1st period - Stopped by Akira Schmid without a rebound.
15:02 of 1st period - Sam Reinhart wins face-off versus Adam Henrique in Pittsburgh Penguins zone.
15:20 of 1st period - Sam Reinhart is hit by Valeri Nichushkin and loses puck.
16:50 of 1st period - Penalty to Phillip Danault is over, Phillip Danault is back on ice.
17:00 of 1st period - Adam Henrique is hit by Gabriel Vilardi and loses puck.
17:18 of 1st period - Victor Olofsson is hit by Ryan Johansen and loses puck.
18:06 of 1st period - Christopher Tanev is hit by Tom Wilson and loses puck.
18:19 of 1st period - Christopher Tanev is hit by Colton Sissons.
18:23 of 1st period - Christopher Tanev is hit by Mattias Ekholm and loses puck.
18:59 of 1st period - Ryan Hartman is hit by Ryan Suter and loses puck.
Goals for this period are 0 for Pittsburgh Penguins vs 0 for San Jose Sharks.
Shots for this period are 7 for Pittsburgh Penguins vs 5 for San Jose Sharks.
2nd period
0:01 of 2nd period - William Karlsson wins face-off versus Jean-Gabriel Pageau in neutral zone.
0:06 of 2nd period - Brian Dumoulin is hit by William Karlsson and loses puck.
0:57 of 2nd period - Wrist shot by Dylan Strome.
0:57 of 2nd period - Stopped by Akira Schmid with a rebound.
0:59 of 2nd period - Snap shot by Ivan Barbashev.
0:59 of 2nd period - Shot Misses the Net.
1:01 of 2nd period - Backhand shot by Christian Dvorak.
1:01 of 2nd period - Goal by Christian Dvorak - Pittsburgh Penguins : 0 - San Jose Sharks : 1.
1:02 of 2nd period - Jean-Gabriel Pageau wins face-off versus William Karlsson in neutral zone.
1:17 of 2nd period - Snap shot by Rickard Rakell.
1:17 of 2nd period - Stopped by Akira Schmid without a rebound.
1:18 of 2nd period - Adam Henrique wins face-off versus Phillip Danault in Pittsburgh Penguins zone.
1:25 of 2nd period - Snap shot by Adam Henrique.
1:25 of 2nd period - Stopped by Akira Schmid with a rebound.
1:27 of 2nd period - Snap shot by Dmitry Orlov.
1:27 of 2nd period - Stopped by Akira Schmid without a rebound.
1:28 of 2nd period - Phillip Danault wins face-off versus Adam Henrique in Pittsburgh Penguins zone.
1:41 of 2nd period - Wrist shot by Andreas Athanasiou.
1:41 of 2nd period - Shot Misses the Net.
1:43 of 2nd period - Wrist shot by Andreas Athanasiou.
1:43 of 2nd period - Stopped by Akira Schmid with a rebound.
1:45 of 2nd period - Slapshot by Dmitry Orlov.
1:45 of 2nd period - Shot Blocked by Erik Gudbranson.
1:49 of 2nd period - Wrist shot by Adam Henrique.
1:49 of 2nd period - Shot Blocked by J.J. Moser.
2:07 of 2nd period - Wrist shot by Andreas Athanasiou.
2:07 of 2nd period - Stopped by Akira Schmid with a rebound.
2:15 of 2nd period - Slapshot by Andreas Athanasiou.
2:15 of 2nd period - Shot Misses the Net.
2:17 of 2nd period - Snap shot by Kailer Yamamoto.
2:17 of 2nd period - Shot Misses the Net.
2:37 of 2nd period - Slapshot by Adam Henrique.
2:37 of 2nd period - Goal by Adam Henrique - Pittsburgh Penguins : 0 - San Jose Sharks : 2.
2:38 of 2nd period - William Karlsson wins face-off versus Jean-Gabriel Pageau in neutral zone.
2:47 of 2nd period - Snap shot by Valeri Nichushkin.
2:47 of 2nd period - Shot Misses the Net.
3:09 of 2nd period - Backhand shot by Christian Dvorak.
3:09 of 2nd period - Stopped by Akira Schmid without a rebound.
3:10 of 2nd period - Christian Dvorak wins face-off versus Leon Draisaitl in Pittsburgh Penguins zone.
3:27 of 2nd period - Snap shot by Dylan Strome.
3:27 of 2nd period - Stopped by Akira Schmid with a rebound.
3:29 of 2nd period - Slapshot by Zachary Werenski.
3:29 of 2nd period - Stopped by Akira Schmid with a rebound.
3:31 of 2nd period - Slapshot by Christopher Tanev.
3:31 of 2nd period - Stopped by Akira Schmid with a rebound.
3:38 of 2nd period - Snap shot by Ivan Barbashev.
3:38 of 2nd period - Stopped by Akira Schmid with a rebound.
3:40 of 2nd period - Slapshot by Christian Dvorak.
3:40 of 2nd period - Shot Misses the Net.
3:42 of 2nd period - Slapshot by Derek Forbort.
3:42 of 2nd period - Shot Misses the Net.
3:44 of 2nd period - Snap shot by Christian Dvorak.
3:44 of 2nd period - Stopped by Akira Schmid with a rebound.
3:46 of 2nd period - Snap shot by Christian Dvorak.
3:46 of 2nd period - Shot Blocked by Mattias Ekholm.
3:48 of 2nd period - Snap shot by Derek Forbort.
3:48 of 2nd period - Shot Blocked by Erik Karlsson.
3:50 of 2nd period - Slapshot by Christian Dvorak.
3:50 of 2nd period - Shot Blocked by Erik Karlsson.
4:26 of 2nd period - Off-side.
4:27 of 2nd period - Rickard Rakell wins face-off versus Jean-Gabriel Pageau in neutral zone.
4:35 of 2nd period - Icing by Brian Dumoulin.
4:36 of 2nd period - William Karlsson wins face-off versus Jean-Gabriel Pageau in Pittsburgh Penguins zone.
5:29 of 2nd period - Snap shot by Rickard Rakell.
5:29 of 2nd period - Shot Blocked by Brian Dumoulin.
6:05 of 2nd period - Snap shot by Sam Reinhart.
6:05 of 2nd period - Stopped by Ilya Samsonov with a rebound.
6:21 of 2nd period - Snap shot by Sam Reinhart.
6:21 of 2nd period - Stopped by Ilya Samsonov with a rebound.
6:23 of 2nd period - Wrist shot by Anders Lee.
6:23 of 2nd period - Deflect By Sam Reinhart.
6:23 of 2nd period - Stopped by Ilya Samsonov with a rebound.
6:25 of 2nd period - Slapshot by Ryan Suter.
6:25 of 2nd period - Shot Misses the Net.
6:27 of 2nd period - Snap shot by Sam Reinhart.
6:27 of 2nd period - Shot Misses the Net.
6:29 of 2nd period - Wrist shot by Ryan Suter.
6:29 of 2nd period - Stopped by Ilya Samsonov without a rebound.
6:30 of 2nd period - Phillip Danault wins face-off versus Adam Henrique in San Jose Sharks zone.
6:37 of 2nd period - Slapshot by Ryan Johansen.
6:37 of 2nd period - Shot Misses the Net.
6:57 of 2nd period - Icing by Mitchell Marner.
6:58 of 2nd period - Leon Draisaitl wins face-off versus Ryan Hartman in Pittsburgh Penguins zone.
7:24 of 2nd period - Minor Penalty to Leon Draisaitl for Goalie Interference.
7:25 of 2nd period - Phillip Danault wins face-off versus Kailer Yamamoto in Pittsburgh Penguins zone.
7:35 of 2nd period - Wrist shot by Dylan Strome.
7:35 of 2nd period - Shot Blocked by Erik Karlsson.
7:37 of 2nd period - Slapshot by Derek Forbort.
7:37 of 2nd period - Stopped by Akira Schmid with a rebound.
7:39 of 2nd period - Wrist shot by Kailer Yamamoto.
7:39 of 2nd period - Stopped by Akira Schmid with a rebound.
7:51 of 2nd period - Adam Henrique is hit by Pavel Buchnevich.
8:41 of 2nd period - Jean-Gabriel Pageau is hit by Dmitry Orlov.
8:45 of 2nd period - Wrist shot by Ilya Mikheyev.
8:45 of 2nd period - Deflect By Adam Henrique.
8:45 of 2nd period - Stopped by Akira Schmid with a rebound.
9:24 of 2nd period - Penalty to Leon Draisaitl is over, Leon Draisaitl is back on ice.
9:57 of 2nd period - Snap shot by Christian Dvorak.
9:57 of 2nd period - Shot Hit the Post.
9:59 of 2nd period - Snap shot by Kailer Yamamoto.
9:59 of 2nd period - Shot Misses the Net.
10:01 of 2nd period - Wrist shot by Andreas Athanasiou.
10:01 of 2nd period - Shot Misses the Net.
10:03 of 2nd period - Snap shot by Simon Benoit.
10:03 of 2nd period - Shot Blocked by J.J. Moser.
10:23 of 2nd period - Minor Penalty to Anders Lee for Hooking.
10:24 of 2nd period - Dylan Strome wins face-off versus Sam Reinhart in Pittsburgh Penguins zone.
11:51 of 2nd period - Pavel Buchnevich is hit by Adam Henrique and loses puck.
12:23 of 2nd period - Penalty to Anders Lee is over, Anders Lee is back on ice.
12:32 of 2nd period - Wrist shot by Jordan Eberle.
12:32 of 2nd period - Stopped by Ilya Samsonov with a rebound.
12:50 of 2nd period - Minor Penalty to Erik Gudbranson for Interference.
12:51 of 2nd period - Sam Reinhart wins face-off versus Adam Henrique in Pittsburgh Penguins zone.
13:21 of 2nd period - Snap shot by William Karlsson.
13:21 of 2nd period - Shot Blocked by Ryan Suter.
14:50 of 2nd period - Penalty to Erik Gudbranson is over, Erik Gudbranson is back on ice.
14:56 of 2nd period - Anders Lee is hit by Simon Benoit and loses puck.
15:15 of 2nd period - Snap shot by Anders Lee.
15:15 of 2nd period - Shot Blocked by Simon Benoit.
15:17 of 2nd period - Slapshot by Ryan Suter.
15:17 of 2nd period - Stopped by Ilya Samsonov with a rebound.
15:19 of 2nd period - Snap shot by Erik Gudbranson.
15:19 of 2nd period - Shot Misses the Net.
15:25 of 2nd period - Wrist shot by Phillip Danault.
15:25 of 2nd period - Shot Blocked by Simon Benoit.
15:27 of 2nd period - Slapshot by Erik Gudbranson.
15:27 of 2nd period - Goal by Erik Gudbranson - Pittsburgh Penguins : 1 - San Jose Sharks : 2.
15:28 of 2nd period - Colton Sissons wins face-off versus William Karlsson in neutral zone.
16:20 of 2nd period - Off-side.
16:21 of 2nd period - Phillip Danault wins face-off versus Valeri Nichushkin in neutral zone.
16:47 of 2nd period - Sam Reinhart is hit by Derek Forbort and loses puck.
16:54 of 2nd period - Wrist shot by Adam Henrique.
16:54 of 2nd period - Deflect By Andreas Athanasiou.
16:54 of 2nd period - Shot Misses the Net.
16:54 of 2nd period - Puck is out of play.
16:55 of 2nd period - Jean-Gabriel Pageau wins face-off versus Christian Dvorak in Pittsburgh Penguins zone.
16:55 of 2nd period - Jean-Gabriel Pageau is hit by Christopher Tanev.
17:01 of 2nd period - Slapshot by Erik Karlsson.
17:01 of 2nd period - Stopped by Ilya Samsonov with a rebound.
17:03 of 2nd period - Snap shot by Jean-Gabriel Pageau.
17:03 of 2nd period - Stopped by Ilya Samsonov without a rebound.
17:04 of 2nd period - Jean-Gabriel Pageau wins face-off versus Christian Dvorak in San Jose Sharks zone.
17:26 of 2nd period - Minor Penalty to Erik Karlsson for Holding.
17:27 of 2nd period - William Karlsson wins face-off versus Sam Reinhart in Pittsburgh Penguins zone.
17:32 of 2nd period - Slapshot by Zachary Werenski.
17:32 of 2nd period - Stopped by Akira Schmid with a rebound.
17:38 of 2nd period - Wrist shot by Ivan Barbashev.
17:38 of 2nd period - Stopped by Akira Schmid without a rebound.
17:39 of 2nd period - William Karlsson wins face-off versus Sam Reinhart in Pittsburgh Penguins zone.
19:26 of 2nd period - Penalty to Erik Karlsson is over, Erik Karlsson is back on ice.
19:33 of 2nd period - Ilya Mikheyev is hit by Ryan Johansen and loses puck.
19:38 of 2nd period - Snap shot by Ryan Johansen.
19:38 of 2nd period - Stopped by Ilya Samsonov without a rebound.
19:39 of 2nd period - Ryan Hartman wins face-off versus Phillip Danault in San Jose Sharks zone.
19:47 of 2nd period - Snap shot by Ryan Hartman.
19:47 of 2nd period - Shot Blocked by Brian Dumoulin.
19:49 of 2nd period - Slapshot by Simon Nemec.
19:49 of 2nd period - Stopped by Akira Schmid with a rebound.
19:51 of 2nd period - Snap shot by Ryan Hartman.
19:51 of 2nd period - Shot Blocked by Ryan Suter.
19:53 of 2nd period - Slapshot by Simon Nemec.
19:53 of 2nd period - Deflect By Ilya Mikheyev.
19:53 of 2nd period - Shot Blocked by Ryan Suter.
19:53 of 2nd period - Puck is out of play.
19:54 of 2nd period - Jean-Gabriel Pageau wins face-off versus William Karlsson in Pittsburgh Penguins zone.
Goals for this period are 1 for Pittsburgh Penguins vs 2 for San Jose Sharks.
Shots for this period are 10 for Pittsburgh Penguins vs 20 for San Jose Sharks.
3rd period
0:01 of 3rd period - Phillip Danault wins face-off versus William Karlsson in neutral zone.
0:08 of 3rd period - Slapshot by William Karlsson.
0:08 of 3rd period - Stopped by Akira Schmid without a rebound.
0:09 of 3rd period - William Karlsson wins face-off versus Phillip Danault in Pittsburgh Penguins zone.
0:26 of 3rd period - Snap shot by Phillip Danault.
0:26 of 3rd period - Goal by Phillip Danault - Pittsburgh Penguins : 2 - San Jose Sharks : 2.
0:27 of 3rd period - Jean-Gabriel Pageau wins face-off versus Adam Henrique in neutral zone.
0:34 of 3rd period - Snap shot by Sam Reinhart.
0:34 of 3rd period - Shot Misses the Net.
0:36 of 3rd period - Snap shot by Anders Lee.
0:36 of 3rd period - Shot Misses the Net.
0:38 of 3rd period - Wrist shot by Sam Reinhart.
0:38 of 3rd period - Stopped by Ilya Samsonov with a rebound.
1:48 of 3rd period - Backhand shot by Erik Karlsson.
1:48 of 3rd period - Shot Misses the Net.
1:50 of 3rd period - Minor Penalty to Ryan Hartman for Boarding.
1:51 of 3rd period - Leon Draisaitl wins face-off versus Valeri Nichushkin in San Jose Sharks zone.
3:19 of 3rd period - Snap shot by Leon Draisaitl.
3:19 of 3rd period - Shot Misses the Net.
3:21 of 3rd period - Slapshot by Leon Draisaitl.
3:21 of 3rd period - Shot Blocked by William Karlsson.
3:25 of 3rd period - Snap shot by Pavel Buchnevich.
3:25 of 3rd period - Stopped by Ilya Samsonov without a rebound.
3:26 of 3rd period - Adam Henrique wins face-off versus Jean-Gabriel Pageau in San Jose Sharks zone.
3:38 of 3rd period - Wrist shot by Sam Reinhart.
3:38 of 3rd period - Stopped by Ilya Samsonov with a rebound.
3:50 of 3rd period - Penalty to Ryan Hartman is over, Ryan Hartman is back on ice.
3:52 of 3rd period - Erik Karlsson is hit by Ryan Hartman and loses puck.
4:17 of 3rd period - Wrist shot by Ryan Johansen.
4:17 of 3rd period - Shot Blocked by Derek Forbort.
4:19 of 3rd period - Slapshot by Phillip Danault.
4:19 of 3rd period - Stopped by Ilya Samsonov with a rebound.
4:35 of 3rd period - Adam Henrique is hit by Colton Sissons and loses puck.
4:48 of 3rd period - Slapshot by Ryan Hartman.
4:48 of 3rd period - Deflect By Erik Gudbranson.
4:48 of 3rd period - Stopped by Akira Schmid with a rebound.
5:53 of 3rd period - Ryan Suter is hit by Rickard Rakell and loses puck.
6:38 of 3rd period - Snap shot by Phillip Danault.
6:38 of 3rd period - Stopped by Ilya Samsonov with a rebound.
7:04 of 3rd period - Erik Karlsson is hit by Valeri Nichushkin and loses puck.
7:49 of 3rd period - Ryan Johansen is hit by Andreas Athanasiou and loses puck.
7:56 of 3rd period - Snap shot by Adam Henrique.
7:56 of 3rd period - Shot Misses the Net.
7:58 of 3rd period - Snap shot by Adam Henrique.
7:58 of 3rd period - Shot Misses the Net.
8:12 of 3rd period - Slapshot by Phillip Danault.
8:12 of 3rd period - Deflect By Ryan Johansen.
8:12 of 3rd period - Deflect By Rickard Rakell.
8:12 of 3rd period - Shot Blocked by Dmitry Orlov.
8:12 of 3rd period - Puck is out of play.
8:13 of 3rd period - Jean-Gabriel Pageau wins face-off versus William Karlsson in San Jose Sharks zone.
8:44 of 3rd period - Wrist shot by Andreas Athanasiou.
8:44 of 3rd period - Stopped by Akira Schmid with a rebound.
8:50 of 3rd period - Adam Henrique is hit by Anders Lee and loses puck.
9:16 of 3rd period - Icing by Sam Reinhart.
9:17 of 3rd period - Christian Dvorak wins face-off versus Jean-Gabriel Pageau in Pittsburgh Penguins zone.
9:22 of 3rd period - Snap shot by Dylan Strome.
9:22 of 3rd period - Shot Blocked by Erik Gudbranson.
10:18 of 3rd period - Wrist shot by Anders Lee.
10:18 of 3rd period - Stopped by Ilya Samsonov with a rebound.
10:20 of 3rd period - Slapshot by Anders Lee.
10:20 of 3rd period - Stopped by Ilya Samsonov with a rebound.
10:22 of 3rd period - Slapshot by Anders Lee.
10:22 of 3rd period - Shot Misses the Net.
10:24 of 3rd period - Slapshot by J.J. Moser.
10:24 of 3rd period - Shot Blocked by Dmitry Orlov.
10:26 of 3rd period - Snap shot by Jean-Gabriel Pageau.
10:26 of 3rd period - Shot Blocked by Dmitry Orlov.
10:40 of 3rd period - Snap shot by Jean-Gabriel Pageau.
10:40 of 3rd period - Deflect By Anders Lee.
10:40 of 3rd period - Shot Misses the Net.
10:40 of 3rd period - Puck is out of play.
10:41 of 3rd period - William Karlsson wins face-off versus Leon Draisaitl in San Jose Sharks zone.
10:56 of 3rd period - Snap shot by Valeri Nichushkin.
10:56 of 3rd period - Stopped by Akira Schmid with a rebound.
10:58 of 3rd period - Wrist shot by Rickard Rakell.
10:58 of 3rd period - Stopped by Akira Schmid without a rebound.
10:59 of 3rd period - Phillip Danault wins face-off versus Adam Henrique in Pittsburgh Penguins zone.
12:01 of 3rd period - Wrist shot by Ilya Mikheyev.
12:01 of 3rd period - Stopped by Akira Schmid without a rebound.
12:02 of 3rd period - Phillip Danault wins face-off versus Adam Henrique in Pittsburgh Penguins zone.
12:13 of 3rd period - Derek Forbort is hit by Jordan Eberle.
12:23 of 3rd period - Valeri Nichushkin is hit by Pavel Buchnevich and loses puck.
12:33 of 3rd period - Wrist shot by Mitchell Marner.
12:33 of 3rd period - Shot Misses the Net.
12:55 of 3rd period - Snap shot by Ryan Hartman.
12:55 of 3rd period - Stopped by Akira Schmid with a rebound.
12:59 of 3rd period - Backhand shot by Victor Olofsson.
12:59 of 3rd period - Stopped by Akira Schmid with a rebound.
13:11 of 3rd period - Minor Penalty to Tom Wilson for Hooking.
13:12 of 3rd period - William Karlsson wins face-off versus Sam Reinhart in Pittsburgh Penguins zone.
13:47 of 3rd period - Off-side.
13:48 of 3rd period - Dylan Strome wins face-off versus Leon Draisaitl in neutral zone.
15:11 of 3rd period - Penalty to Tom Wilson is over, Tom Wilson is back on ice.
16:11 of 3rd period - Snap shot by Andreas Athanasiou.
16:11 of 3rd period - Stopped by Akira Schmid with a rebound.
16:40 of 3rd period - Wrist shot by Erik Karlsson.
16:40 of 3rd period - Deflect By Gabriel Vilardi.
16:40 of 3rd period - Stopped by Ilya Samsonov with a rebound.
16:42 of 3rd period - Slapshot by Mattias Ekholm.
16:42 of 3rd period - Stopped by Ilya Samsonov with a rebound.
16:52 of 3rd period - Snap shot by Valeri Nichushkin.
16:52 of 3rd period - Shot Misses the Net.
16:58 of 3rd period - Dmitry Orlov is hit by Ryan Suter and loses puck.
17:51 of 3rd period - Ryan Johansen is hit by Ivan Barbashev and loses puck.
17:58 of 3rd period - Christian Dvorak is hit by Erik Gudbranson and loses puck.
18:13 of 3rd period - Off-side.
18:14 of 3rd period - Jean-Gabriel Pageau wins face-off versus Adam Henrique in neutral zone.
18:57 of 3rd period - Dmitry Orlov is hit by Ryan Johansen and loses puck.
Goals for this period are 1 for Pittsburgh Penguins vs 0 for San Jose Sharks.
Shots for this period are 10 for Pittsburgh Penguins vs 9 for San Jose Sharks.
Overtime #1
0:01 of 1st overtime period - Leon Draisaitl wins face-off versus Valeri Nichushkin in neutral zone.
0:04 of 1st overtime period - Slapshot by Erik Karlsson.
0:04 of 1st overtime period - Stopped by Ilya Samsonov with a rebound.
0:14 of 1st overtime period - Slapshot by Rickard Rakell.
0:14 of 1st overtime period - Shot Hit the Post.
0:16 of 1st overtime period - Snap shot by Rickard Rakell.
0:16 of 1st overtime period - Shot Misses the Net.
0:23 of 1st overtime period - Icing by Erik Karlsson.
0:24 of 1st overtime period - Adam Henrique wins face-off versus Sam Reinhart in Pittsburgh Penguins zone.
0:27 of 1st overtime period - Snap shot by William Karlsson.
0:27 of 1st overtime period - Goal by William Karlsson - Pittsburgh Penguins : 2 - San Jose Sharks : 3.
Goals for this period are 0 for Pittsburgh Penguins vs 1 for San Jose Sharks.
Shots for this period are 1 for Pittsburgh Penguins vs 1 for San Jose Sharks.
Back to the Top